 Dungeon Crawl Stone Soup version 0.23-a0-329-g6f3f904 (webtiles) character file.

3206 Garbasso the Chucker (level 9, -6/87 HPs)
             Began as a Troll Arcane Marksman on Oct 16, 2018.
             Was a Priest of Okawaru.
             Mangled by Grum
             ... wielding a -1 glaive
              (10 damage)
             ... on level 8 of the Dungeon.
             The game lasted 00:25:24 (6687 turns).

Garbasso the Chucker (Troll Arcane Marksman)        Turns: 6687, Time: 00:25:25

Health: -6/87      AC:  5    Str: 25    XL:     9   Next: 65%
Magic:  8/9        EV: 14    Int: 12    God:    Okawaru [***...]
Gold:   435        SH:  5    Dex: 13    Spells: 6/10 levels left

rFire    . . .     SeeInvis +     - Unarmed
rCold    + . .     Gourm    +   (no shield)
rNeg     . . .     Faith    .   a - +0 robe
rPois    .         Spirit   .   (helmet restricted)
rElec    .         Reflect  +   (no cloak)
rCorr    .         Harm     .   (gloves unavailable)
MR       .....                  (boots unavailable)
Stlth    +.........             F - +5 amulet of reflection
HPRegen  0.64/turn              x - ring of Greater Demons {rC+ Str+5 Dex+3 SInv}
MPRegen  0.11/turn              G - +3 ring of evasion

@: no status effects
A: large, unfitting armour, claws 3, fast metabolism 3, gourmand, regeneration
1, shaggy fur 1, tough skin 2
a: Heroism, Renounce Religion


You were on level 8 of the Dungeon.
You worshipped Okawaru.
Okawaru was most pleased with you.
You were not hungry.

You visited 2 branches of the dungeon, and saw 9 of its levels.
You also visited: Ossuary.

You collected 435 gold pieces.

Inventory:

Hand Weapons
 b - a +0 blowgun
Missiles
 d - 3 throwing nets {=f}
 i - 4 large rocks {=f}
 n - 202 stones (quivered)
 H - 17 poisoned needles
Armour
 a - a +0 robe (worn)
 o - a +1 large shield
Jewellery
 x - the ring of Greater Demons (left claw) {rC+ Str+5 Dex+3 SInv}
   (You found it on level 5 of the Dungeon)

   [ring of see invisible]

   It affects your strength (+5).
   It affects your dexterity (+3).
   It protects you from cold.
   It lets you see invisible.
 y - an uncursed ring of resist corrosion
 A - an uncursed ring of protection from cold
 E - an uncursed ring of wizardry
 F - a +5 amulet of reflection (around neck)
 G - a +3 ring of evasion (right claw)
Wands
 g - a wand of random effects (18)
Scrolls
 h - 3 scrolls of enchant armour
 m - 3 scrolls of teleportation
 r - 4 scrolls of remove curse
 s - a scroll of blinking
 B - a scroll of fog
 C - a scroll of amnesia {unknown}
 D - a scroll of noise {unknown}
Potions
 c - 3 potions of curing
 e - 4 potions of haste
 j - 2 potions of resistance
 k - 3 potions of lignification
 l - a potion of berserk rage {unknown}
 p - a potion of agility {unknown}
 q - 3 potions of flight {unknown}
 t - 3 potions of brilliance
 u - a potion of magic {unknown}
 w - 5 potions of heal wounds {unknown}
 z - a potion of mutation {unknown}
Comestibles
 f - 14 rations


   Skills:
 + Level 4.8 Fighting
 * Level 7.9 Throwing
 + Level 2.8 Dodging
 + Level 3.5 Shields
 + Level 5.5 Unarmed Combat
 - Level 1.0 Spellcasting
 - Level 2.0 Hexes
 - Level 3.0 Translocations


You had 6 spell levels left.
You knew the following spells:

 Your Spells              Type           Power        Failure   Level  Hunger
a - Corona                Hex            #......      13%         1    ##.....
b - Portal Projectile     Hex/Tloc       #.....       32%         3    ####...

Your spell library contained the following spells:

 Spells                   Type           Power        Failure   Level  Hunger
 Slow                     Hex            #.......     21%         2    ###....
 Beastly Appendage        Tmut           #.....       30%         1    ##.....
 Ensorcelled Hibernation  Hex/Ice        #.....       30%         2    ###....
 Confuse                  Hex            #.......     36%         3    ####...
 Tukima's Dance           Hex            #.......     36%         3    ####...
 Sticks to Snakes         Tmut           #.......     41%         2    ###....
 Dazzling Spray           Conj/Hex       #.....       52%         3    ####...
 Inner Flame              Hex/Fire       #.......     52%         3    ####...
 Spider Form              Tmut/Pois      #.........   65%         3    ####...
 Cause Fear               Hex            #.........   78%         4    #####..
 Leda's Liquefaction      Hex/Erth       #.........   89%         4    #####..
 Ice Form                 Ice/Tmut       #.......     96%         4    #####..
 Blade Hands              Tmut           #.........   100%        5    ######.


Dungeon Overview and Level Annotations

Branches:
Dungeon (8/15)             Temple (1/1) D:4
   Lair: D:8-11

Altars:
Ashenzari
Cheibriados
Dithmenos
Fedhas
Kikubaaqudgha
Makhleb
Nemelex Xobeh
Okawaru
Vehumet
Xom
Yredelemnul
Zin
The Shining One

Annotations:
D:8 Grum


Innate Abilities, Weirdness & Mutations

You are too large for most types of armour.
You have claws for hands.
Your metabolism is lightning-fast.
You like to eat raw meat.
Your natural rate of healing is unusually fast.
You are covered in fur. (AC +1)
You have very tough skin. (AC +2)


Message History

Grum is severely wounded.
The wolf closely misses you. The wolf misses you. The wolf bites you!
Grum closely misses you. The wolf bites you.
You completely miss Grum.
Grum is severely wounded.
The wolf bites you!
* * * LOW HITPOINT WARNING * * *
The wolf bites you.
* * * LOW HITPOINT WARNING * * *
The wolf bites you but does no damage.
You closely miss Grum.
Grum is severely wounded.
The wolf bites you but does no damage. Grum hits you with a -1 glaive!
* * * LOW HITPOINT WARNING * * *
The wolf misses you. x2
Unknown command.
You scratch Grum.
Grum is almost dead.
The wolf closely misses you. x2; Grum hits you with a -1 glaive!
You die...

## ##.# # ##..# ##8#
#...##8... #.<.##....
#...#>.... #####
#...##....
....#######@h.##8!..
#..(......g#h.# #8#
##!.(...(((....# #
...(.(.((....... ##
#...(((..........
....##.)................
[....$.).(....../.......
#######hg.....#.........
......).##.#...


You could see Grum and 2 wolves.

Vanquished Creatures
  A deep elf mage (D:7)
  Eustachio (D:6)
  An orc warrior (D:7)
  2 ogres (D:6)
  A phantom (D:7)
  2 wolves (D:7)
  2 centaurs
  A big kobold (D:7)
  3 bullfrogs (D:6)
  3 water moccasin zombies
  3 scorpions
  A water moccasin skeleton (D:7)
  9 wights
  2 bullfrog zombies
  4 crimson imps
  4 hounds
  A jelly (D:5)
  2 orc wizards
  An orc priest (D:3)
  A bullfrog skeleton (D:5)
  3 iguanas
  Natasha (thrice) (D:2)
  2 worker ants
  4 big kobold zombies (Ossuary)
  A hound zombie (D:5)
  A hound skeleton (D:4)
  2 mummies (Ossuary)
  A howler monkey zombie (D:6)
  8 adders
  A shadow imp (D:5)
  2 oozes
  8 adder zombies (Ossuary)
  2 adder skeletons
  A worm (D:2)
  2 dart slugs
  A leopard gecko (D:4)
  13 orcs
  2 giant cockroaches
  3 gnoll zombies (Ossuary)
  6 goblins
  8 hobgoblins
  2 jackals (D:3)
  2 quokkas (D:4)
  2 ball pythons
  5 bats
  5 frilled lizards
  A goblin zombie (D:4)
  3 hobgoblin zombies (Ossuary)
  13 kobolds
  3 kobold zombies (Ossuary)
  6 orc zombies (Ossuary)
  8 rats
  A rat zombie (D:4)
170 creatures vanquished.

Vanquished Creatures (others)
  A bullfrog skeleton (D:5)
1 creature vanquished.

Grand Total: 171 creatures vanquished

Notes
Turn   | Place    | Note
-------+----------+-------------------------------------------
     0 | D:1      | Garbasso the Troll Arcane Marksman began the quest for the
                  | Orb.
     0 | D:1      | Reached XP level 1. HP: 18/18 MP: 1/1
   196 | D:1      | Reached skill level 1 in Fighting
   196 | D:1      | Reached skill level 2 in Throwing
   247 | D:1      | Reached XP level 2. HP: 27/27 MP: 0/2
   626 | D:2      | Reached skill level 1 in Unarmed Combat
   626 | D:2      | Reached XP level 3. HP: 32/33 MP: 0/3
   696 | D:2      | Noticed Natasha
   709 | D:2      | Killed Natasha
   709 | D:2      | Reached skill level 3 in Throwing
   709 | D:2      | Reached XP level 4. HP: 25/41 MP: 2/4
   720 | D:2      | Noticed Natasha
   725 | D:2      | Killed Natasha
   740 | D:2      | Noticed Natasha
   747 | D:2      | Killed Natasha
   836 | D:2      | Learned a level 3 spell: Portal Projectile
   880 | D:2      | Reached XP level 5. HP: 49/49 MP: 5/5
  1674 | D:3      | Reached skill level 4 in Throwing
  1974 | D:4      | Found a staircase to the Ecumenical Temple.
  1987 | Temple   | Entered the Ecumenical Temple
  2031 | Temple   | Became a worshipper of Warmaster Okawaru
  2144 | D:4      | Found a shadowy altar of Dithmenos.
  2151 | D:4      | Reached XP level 6. HP: 51/58 MP: 6/6
  2400 | D:4      | Reached skill level 1 in Translocations
  2584 | D:4      | Found a sand-covered staircase.
  2592 | Ossuary  | Entered an ossuary
  2862 | Ossuary  | Reached XP level 7. HP: 49/66 MP: 7/7
  2885 | Ossuary  | Reached skill level 5 in Throwing
  3090 | D:4      | Reached * piety under Okawaru
  3493 | D:5      | Entered Level 5 of the Dungeon
  3599 | D:5      | Found a burning altar of Makhleb.
  3716 | D:5      | Noticed a blizzard demon
  3719 | D:5      | Noticed a neqoxec
  3719 | D:5      | Noticed an orange demon
  3780 | D:5      | Got a clouded silver ring
  3781 | D:5      | Identified the ring of Greater Demons {rC+ Str+5 Dex+3
                  | SInv} (You found it on level 5 of the Dungeon)
  3802 | D:5      | Reached skill level 1 in Shields
  4005 | D:5      | Reached XP level 8. HP: 58/75 MP: 8/8
  4008 | D:5      | Found a basalt altar of Yredelemnul.
  4017 | D:5      | Found a glowing golden altar of the Shining One.
  4043 | D:5      | Found a shadowy altar of Dithmenos.
  4152 | D:5      | Noticed an angel
  4296 | D:6      | Reached skill level 6 in Throwing
  4305 | D:6      | HP: 2/75 [bullfrog (6)]
  4473 | D:6      | Reached ** piety under Okawaru
  4572 | D:6      | Noticed Eustachio
  4592 | D:6      | Killed Eustachio
  5463 | D:7      | Reached XP level 9. HP: 71/84 MP: 9/9
  5543 | D:7      | Reached skill level 7 in Throwing
  5821 | D:7      | Noticed a deep elf mage
  5825 | D:7      | Killed a deep elf mage
  5825 | D:7      | Reached skill level 5 in Unarmed Combat
  6547 | D:8      | Noticed Grum
  6560 | D:7      | Reached *** piety under Okawaru
  6686 | D:8      | HP: 4/87 [Grum/-1 glaive (16)]
  6687 | D:8      | Mangled by Grum

Vault maps used:
D:1:      dpeg_arrival_windows_large_door
D:2:      lemuel_upstairs_altar, serial_glass, glass_columns_a, glass_columns_c,
          uniq_natasha
D:3:      chequers_serial_rivers_micro_e
D:4:      kennysheep_little_box, minmay_temple_entry_large_hall, enter_ossuary_4
D:5:      grunt_temple_overflow_holy_war, makhleb_altar_promises_db,
          first_ration, minivault_25, grunt_dithmenos_shadows
D:6:      st_stairs_2, dk_noncrumbling_3, minmay_misc_feat_alley, uniq_eustachio
D:7:      guppyfry_early_elven_hall
D:8:      cheibrodos_statue_roulette, kennysheep_mini,
          nicolae_overflow_hidden_temple, serial_rivers,
          chequers_serial_rivers_micro_a, chequers_serial_rivers_room_b,
          chequers_serial_rivers_marsh, chequers_serial_rivers_marsh,
          david_nohive_1, uniq_grum, uniq_pikel, uniq_gastronok
Temple:   eino_temple_rhombus
Ossuary:  ossuary_tomb_2

Skill      XL: |  1  2  3  4  5  6  7  8  9 |
---------------+----------------------------+-----
Fighting       | 1 2 3 4 |  4.8
Throwing       | 2 3 4 5 6 7 |  7.9
Unarmed Combat | 1 2 3 4 5 |  5.5
Translocations | 1 2 3 |  3.0
Shields        | 1 2 3 |  3.5
Dodging        | 2 |  2.8
Spellcasting   | |  1.0
Hexes          | |  2.0

Action                   |  1- 3 |  4- 6 |  7- 9 || total
-------------------------+-------+-------+-------++-------
Melee: Unarmed           |    67 |   244 |   302 ||   613
       Punch             |       |     2 |     4 ||     6
 Fire: Blowgun           |       |       |     1 ||     1
Throw: Large rock        |     1 |     7 |     5 ||    13
       Stone             |       |     7 |   105 ||   112
 Cast: Corona            |     7 |     1 |     9 ||    17
       Portal Projectile |       |       |     2 ||     2
Invok: Heroism           |       |       |     8 ||     8
  Use: Scroll            |       |     4 |    10 ||    14
       Potion            |       |       |     1 ||     1
 Stab: Sleeping          |     1 |       |       ||     1
  Eat: Chunk             |    12 |    15 |    33 ||    60
       Ration            |       |       |     1 ||     1
Armor: Robe              |    26 |    80 |    50 ||   156
Dodge: Dodged            |    58 |   116 |   208 ||   382
Block: Other             |       |       |    10 ||    10

Table legend:
 A = Non-vault XP
 B = Vault XP
 C = Vault XP percentage of total XP
 D = Non-vault monster count
 E = Vault monster count
 F = Vault count percentage of total count
                 A         B        C        D         E       F
            +---------+---------+-------+---------+---------+-------
      Total |    3046 |    1534 |  33.5 |     129 |      41 |  24.1
            +---------+---------+-------+---------+---------+-------
        D:1 |      22 |       0 |   0.0 |      13 |       0 |   0.0
        D:2 |     186 |      36 |  16.2 |      30 |       1 |   3.2
        D:3 |     120 |       0 |   0.0 |      18 |       0 |   0.0
        D:4 |     175 |       2 |   1.1 |       9 |       2 |  18.2
        D:5 |     578 |      12 |   2.0 |      13 |       1 |   7.1
        D:6 |     816 |     335 |  29.1 |      13 |       3 |  18.8
        D:7 |     858 |     810 |  48.6 |      28 |       3 |   9.7
        D:8 |     291 |       0 |   0.0 |       5 |       0 |   0.0
    Ossuary |       0 |     339 | 100.0 |       0 |      31 | 100.0
            +---------+---------+-------+---------+---------+-------
